 Dungeon Crawl Stone Soup version 0.22-a0-271-gc000056 (webtiles) character file.

366 RoseArtemis the Slasher (level 6, -3/56 HPs)
             Began as a Minotaur Berserker on Mar 11, 2018.
             Was a Priest of Trog.
             Slain by a gnoll
             ... wielding a +0 spear
              (5 damage)
             ... on level 4 of the Dungeon.
             The game lasted 00:05:42 (2727 turns).

RoseArtemis the Slasher (Minotaur Berserker)        Turns: 2727, Time: 00:05:42

Health: -3/56      AC:  5    Str: 21    XL:     6   Next: 40%
Magic:  5/5        EV:  8    Int:  5    God:    Trog [***...]
Gold:   165        SH:  0    Dex: 11    Spells: 5/5 levels left

rFire    . . .     SeeInvis .   a - +0 falchion
rCold    . . .     Gourm    .   (no shield)
rNeg     . . .     Faith    .   j - +0 chain mail
rPois    .         Spirit   .   (helmet restricted)
rElec    .         Reflect  .   (no cloak)
rCorr    .         Harm     .   (no gloves)
MR       .....                  (no boots)
Stlth    ..........             (no amulet)
HPRegen  0.18/turn              (no ring)
MPRegen  0.09/turn              (no ring)

@: corroded
A: retaliatory headbutt, horns 2
a: Berserk, Trog's Hand, Renounce Religion


You were on level 4 of the Dungeon.
You worshipped Trog.
Trog was most pleased with you.
You were not hungry.

You visited 1 branch of the dungeon, and saw 4 of its levels.

You collected 165 gold pieces.

Inventory:

Hand Weapons
 a - a +0 falchion (weapon)
Armour
 j - a +0 chain mail (worn)
Scrolls
 e - a scroll of blinking {unknown}
 f - a scroll of remove curse {unknown}
 h - a scroll of enchant weapon {unknown}
 l - a scroll of amnesia {unknown}
 m - a scroll of random uselessness {unknown}
 p - a scroll of identify
 q - a scroll of teleportation {unknown}
 s - 2 scrolls of fog
Potions
 b - a potion of haste {unknown}
 d - a potion of brilliance {unknown}
 g - a potion of magic {unknown}
 i - 2 potions of lignification
 k - a potion of resistance {unknown}
 n - a potion of agility {unknown}
 o - a potion of invisibility {unknown}
Comestibles
 c - 9 rations


   Skills:
 + Level 5.3 Fighting
 * Level 6.7 Long Blades
 + Level 4.5 Armour
 - Level 2.1 Dodging


You had 5 spell levels left.
You didn't know any spells.

Dungeon Overview and Level Annotations

Branches:
Dungeon (4/15)
 Temple: D:4-7

Altars:
Dithmenos
Fedhas
Uskayaw


Innate Abilities, Weirdness & Mutations

You reflexively headbutt those who attack you in melee.
You have a pair of horns on your head.


Message History

The gnoll shouts!
The gnoll barely misses you.
You struggle against the net.
The gnoll hits you but does no damage.
A gnoll comes into view. It is wielding a spear.
You rip the net and break free!
The gnoll zaps a wand.
The bolt of acid hits you!
You are splashed with acid!
The acid burns!
It is a wand of acid (9).
The gnoll hits you with a club.
A gnoll comes into view. It is wielding a spear.
The gnoll shouts!
You hit the gnoll. Your headbutt misses the gnoll.
The gnoll is lightly wounded.
The gnoll closely misses you. The gnoll hits you with a club.
The gnoll zaps a wand.
The bolt of acid hits you!
* * * LOW HITPOINT WARNING * * *
The acid corrodes you!
You are splashed with acid!
The acid burns!
* * * LOW HITPOINT WARNING * * *
A giant cockroach comes into view.
Okay, then.
The gnoll hits you from afar with a spear.
You die...

... ..#........#.#
#. #<.#######..#.#
#.............#
#.########..### #.#
#..# #
#.########..##
#.#.###............#
#.....)............#
####)@.#######...#
#.g.†...# #####
.sg.gg.8g8.8.#
###.#........#
#...........#
#...#.%.....#
#.#.#_).....#
#.#.#.......# #
#)........#


You could see 5 gnolls.

Vanquished Creatures
  An ice beast (D:4)
  A sky beast (D:3)
  A hound (D:4)
  An iguana (D:4)
  3 adders
  2 gnolls (D:4)
  2 oozes (D:3)
  2 dart slugs (D:2)
  A leopard gecko (D:2)
  5 orcs (D:3)
  A ball python (D:2)
  A giant cockroach (D:1)
  10 goblins
  3 hobgoblins
  4 jackals (D:3)
  7 kobolds
  A quokka (D:4)
  7 bats
  10 frilled lizards
  11 rats
74 creatures vanquished.

Notes
Turn   | Place    | Note
-------+----------+-------------------------------------------
     0 | D:1      | RoseArtemis the Minotaur Berserker began the quest for the Orb.
     0 | D:1      | Reached XP level 1. HP: 19/19 MP: 0/0
   316 | D:1      | Reached skill level 4 in Long Blades
   324 | D:1      | Reached XP level 2. HP: 27/27 MP: 1/1
   900 | D:2      | Reached ** piety under Trog
   927 | D:2      | Reached XP level 3. HP: 29/33 MP: 2/2
  1027 | D:2      | Found a blossoming altar of Fedhas.
  1127 | D:2      | Found a faded altar of an unknown god.
  1577 | D:3      | Reached skill level 5 in Long Blades
  1630 | D:3      | Reached XP level 4. HP: 40/40 MP: 3/3
  1842 | D:3      | Reached *** piety under Trog
  2006 | D:3      | Found a shadowy altar of Dithmenos.
  2142 | D:3      | Noticed a sky beast
  2154 | D:3      | Killed a sky beast
  2154 | D:3      | Reached XP level 5. HP: 47/47 MP: 4/4
  2253 | D:3      | Reached skill level 6 in Long Blades
  2496 | D:4      | Noticed an ice beast
  2500 | D:4      | Killed an ice beast
  2500 | D:4      | Reached skill level 5 in Fighting
  2500 | D:4      | Reached XP level 6. HP: 56/56 MP: 5/5
  2701 | D:4      | Found a hide-covered altar of Uskayaw.
  2726 | D:4      | HP: 2/56 [acid (11)]
  2727 | D:4      | Slain by a gnoll

Vault maps used:
D:1:      minmay_arrival_radiant_lines, st_stairs_6
D:2:      fedhas_altar_3, chequers_ecumenical_altar_simple_redux, first_ration
D:3:      serial_glass, glass_columns_c, glass_columns_c, grunt_dithmenos_smoke
D:4:      eat_drink_and_be_merry_uskayaw, temple_statues, serial_shops, shop,
          nicolae_elemental_shop, uniq_blork_the_orc

Skill      XL: |  1  2  3  4  5 |
---------------+----------------+-----
Long Blades    | 4 5 6 |  6.7
Fighting       | 4 5 |  5.3
Armour         | 3 4 |  4.5
Dodging        | |  2.1

Action                   |  1- 3 |  4- 6 || total
-------------------------+-------+-------++-------
Melee: Falchion          |   101 |    65 ||   166
       Headbutt          |    13 |    14 ||    27
Invok: Berserk           |       |     2 ||     2
       Trog's Hand       |       |     1 ||     1
  Use: Scroll            |       |     2 ||     2
  Eat: Chunk             |     2 |     6 ||     8
Armor: Animal skin       |     3 |       ||     3
       Chain mail        |    50 |    33 ||    83
Dodge: Dodged            |    27 |    26 ||    53
       Rpst.: Falchion   |    10 |     5 ||    15

Table legend:
 A = Spawn XP
 B = Non-spawn XP
 C = Spawn XP percentage of total XP
 D = Spawn monster count
 E = Non-spawn monster count
 F = Spawn count percentage of total count
 G = Total turns spent on level
                    A         B        C        D         E        F      G
               +---------+---------+-------+---------+---------+-------+---------
         Total |       0 |     523 |   0.0 |       0 |      74 |   0.0 |  2727
               +---------+---------+-------+---------+---------+-------+---------
           D:1 |       0 |      24 |   0.0 |       0 |      16 |   0.0 |   850
           D:2 |       0 |      61 |   0.0 |       0 |      24 |   0.0 |   710
           D:3 |       0 |     203 |   0.0 |       0 |      28 |   0.0 |   923
           D:4 |       0 |     235 |   0.0 |       0 |       6 |   0.0 |   244
               +---------+---------+-------+---------+---------+-------+---------
